 Dungeon Crawl Stone Soup version 0.25-a0-566-g062765be81 (webtiles) character file.

Game seed: 15477692957059682612, levelgen mode: deterministic

77 kae the Vexing (level 4, -3/19 HPs)
             Began as a Felid Enchanter on Feb 27, 2020.
             Slain by a worker ant (4 damage)
             ... on level 4 of the Dungeon.
             The game lasted 00:04:50 (3505 turns).

kae the Vexing (Felid Enchanter)                    Turns: 3505, Time: 00:04:51

Health: -3/19      AC:  1    Str: 11    XL:     4   Next: 13%
Magic:  4/8        EV: 18    Int: 16    God:
Gold:   184        SH:  0    Dex: 16    Spells: 2/8 levels left
                                        Lives:  0   Deaths: 1

rFire    . . .     SeeInvis +     - Unarmed
rCold    . . .     Gourm    .   (shield unavailable)
rNeg     . . .     Faith    .   (armour unavailable)
rPois    .         Spirit   .   (helmet unavailable)
rElec    .         Reflect  .   (cloak unavailable)
rCorr    .         Harm     .   (gloves unavailable)
MR       .....                  (boots unavailable)
Stlth    +++.......             (no amulet)
HPRegen  0.06/turn              a - +6 ring of strength
MPRegen  0.11/turn              (no ring)

@: lethally poisoned (-3 -> -13), quick
A: very small, no armour, no weapons or thrown items, stealth, claws 1, fangs 3,
see invisible, carnivore, speed 1, shaggy fur 1, slow metabolism 1, sharp paws
a: no special abilities


You were on level 4 of the Dungeon.
You were full.

You visited 1 branch of the dungeon, and saw 4 of its levels.

You collected 184 gold pieces.

Inventory:

Jewellery
 a - a +6 ring of strength (left paw)
Scrolls
 c - a scroll of identify
 g - 2 scrolls of noise
 j - a scroll of blinking {unknown}
Potions
 d - 3 potions of curing
 e - a potion of heal wounds
 f - a potion of magic
 h - a potion of might {unknown}
 i - a potion of brilliance
Comestibles
 b - 5 rations


   Skills:
 + Level 1.9 Fighting
 - Level 2.6 Dodging
 + Level 4.8 Stealth
 * Level 2.6 Unarmed Combat
 + Level 2.5 Spellcasting
 + Level 5.1 Hexes


You had 2 spell levels left.
You knew the following spells:

 Your Spells              Type           Power        Failure   Level  Hunger
a - Corona                Hex            ###....      2%          1    #......
b - Ensorcelled Hibernat  Hex/Ice        ##....       11%         2    ##.....
c - Confusing Touch       Hex            ###.....     7%          3    ###....

Your spell library contained the following spells:

 Spells                   Type           Power        Failure   Level  Hunger
 Tukima's Dance           Hex            ###.....     7%          3    ###....
 Dazzling Flash           Conj/Hex       ##....       21%         3    ###....


Dungeon Overview and Level Annotations

Branches:
Dungeon (4/15)
 Temple: D:4-7

Altars:
Ashenzari
Elyvilon
Sif Muna
Yredelemnul
Zin


Innate Abilities, Weirdness & Mutations

You cannot wear armour.
You are incapable of wielding weapons or throwing items.
Your paws allow you to move quietly. (Stealth)
You have sharp claws.
You have razor-sharp teeth.
You have supernaturally acute eyesight. (SInv)
You are carnivorous and can eat meat at any time.
You cover ground quickly.
You are covered in fur. (AC +1)
You have a slow metabolism.
Your sharp claws are effective at attacking unaware monsters.


Message History

A worker ant is nearby!
You closely miss the worker ant.
The worker ant is almost dead.
The worker ant misses you.
You closely miss the worker ant. Your bite misses the worker ant.
The worker ant is almost dead.
The worker ant bites you.
You are lethally poisoned!
The worker ant poisons you! The worker ant bites you.
* * * LOW HITPOINT WARNING * * *
You scratch the worker ant but do no damage.
You bite the worker ant.
The worker ant is almost dead.
* * * LOW HITPOINT WARNING * * *
You feel sick. The worker ant barely misses you.
You barely miss the worker ant.
The worker ant is almost dead.
* * * LOW HITPOINT WARNING * * *
You feel sick. The worker ant bites you.
You die...

..#..###.....# ##.###,,,,**,*
#....#####..######.# *,,,,**,*
...................# *,,,,**,*
#.##.....#...####### *,,,,**,*
#.##.###...#.#### **,,,,**,*
#.#.<# ##.......## *,,*****,**
#.<..# ##.#.##..# **,** *,,*
...#.# *#.#.##..# *,,* ***,***
.....##**..#.###@#**,******,*,,,*
.................a......,,,,*,*,*
#..######.##.#####.#####*****,,,*
#..# ***,*#.# **..#*,,,,,,*,*,*
#..# *,,,*#.****,,...,,,,,,*,,,*
#..# *,****,**^,,*.##.,,,,,*,*,*
##.# *,****,**,***,.,,[,,,,*,,,*
**.# *>*,,,,,,,* **##,,,,,,*,***
,,,* **,*<,,,,,,* *,,,,,,*,,,*


You could see a worker ant.

Vanquished Creatures
  Terence (D:3)
  Robin (D:3)
  2 adders
  2 worms
  A leopard gecko (D:1)
  2 orcs (D:3)
  9 bats
  5 giant cockroaches
  2 gnoll zombies (D:3)
  16 goblins
  5 hobgoblins
  3 frilled lizards
  10 kobolds
  7 rats
66 creatures vanquished.

Notes
Turn   | Place    | Note
-------+----------+-------------------------------------------
     0 | D:1      | kae the Felid Enchanter began the quest for the Orb.
     0 | D:1      | Reached XP level 1. HP: 7/7 MP: 4/4
   933 | D:1      | Reached XP level 2. HP: 12/12 MP: 6/6
  1313 | D:1      | Learned a level 2 spell: Ensorcelled Hibernation
  1376 | D:2      | Reached skill level 1 in Fighting
  1470 | D:2      | Found a glowing silver altar of Zin.
  1474 | D:2      | Reached XP level 3. HP: 15/15 MP: 7/7
  1513 | D:2      | Found a shattered altar of Ashenzari.
  1676 | D:2      | Found a shimmering blue altar of Sif Muna.
  1956 | D:2      | Found a white marble altar of Elyvilon.
  2110 | D:3      | Learned a level 3 spell: Confusing Touch
  2279 | D:3      | Found a basalt altar of Yredelemnul.
  2454 | D:3      | Reached XP level 4. HP: 19/19 MP: 6/8
  3151 | D:3      | Noticed Terence
  3172 | D:3      | Reached skill level 5 in Hexes
  3188 | D:3      | Slain by Terence
  3189 | D:3      | Reached XP level 3. HP: 0/15 MP: 2/7
  3205 | D:3      | Killed Terence
  3255 | D:3      | Noticed Robin
  3270 | D:3      | Killed Robin
  3270 | D:3      | Reached XP level 4. HP: 11/19 MP: 3/8
  3505 | D:4      | Slain by a worker ant

Levels and vault maps discovered:
D:1:      minmay_arrival_four_houses, layout_loops_ring, minmay_misc_feat_chi
D:2:      layout_basic, lemuel_crystal_altar, lemuel_doored_altar,
          ashenzari_conservatory_becter, lemuel_blue_sif_altar, first_ration
D:3:      layout_basic, lemuel_zombie_altar_yredelemnul, uniq_robin,
          uniq_terence
D:4:      layout_rooms, nicolae_tso_swordbearing_angel,
          hangedman_minor_gate_pass

Skill      XL: |  1  2  3  4 |
---------------+-------------+-----
Fighting       | 1 |  1.9
Unarmed Combat | 2 |  2.6
Hexes          | 5 |  5.1
Dodging        | |  2.6
Stealth        | |  4.8
Spellcasting   | |  2.5

Action                   |  1- 3 |  4- 6 || total
-------------------------+-------+-------++-------
Melee: Unarmed           |   155 |    74 ||   229
       Bite              |    11 |     7 ||    18
       Punch             |     2 |       ||     2
 Cast: Corona            |    10 |     4 ||    14
       Ensorcelled Hiber |     6 |    14 ||    20
       Confusing Touch   |     2 |     1 ||     3
  Use: Scroll            |     3 |     4 ||     7
 Stab: Sleeping          |    18 |     7 ||    25
       Confused          |     1 |       ||     1
  Eat: Chunk             |     9 |     3 ||    12
Armor: Skin              |    15 |     3 ||    18
Dodge: Dodged            |   127 |    76 ||   203

Table legend:
 A = Non-vault XP
 B = Vault XP
 C = Vault XP percentage of total XP
 D = Non-vault monster count
 E = Vault monster count
 F = Vault count percentage of total count
                 A         B        C        D         E       F
            +---------+---------+-------+---------+---------+-------
      Total |     110 |      69 |  38.5 |      51 |      15 |  22.7
            +---------+---------+-------+---------+---------+-------
        D:1 |      23 |       0 |   0.0 |      15 |       0 |   0.0
        D:2 |      36 |       0 |   0.0 |      14 |       0 |   0.0
        D:3 |      51 |      69 |  57.5 |      22 |      15 |  40.5
            +---------+---------+-------+---------+---------+-------
